 Dungeon Crawl Stone Soup version 0.23-a0-141-g456867d (webtiles) character file.

691 nubinia the Magician (level 7, -1/37 HPs)
             Began as a Deep Elf Wizard on Aug 31, 2018.
             Was an Initiate of Sif Muna.
             Slain by an iguana (11 damage)
             ... on level 5 of the Dungeon.
             The game lasted 00:24:25 (5829 turns).

nubinia the Magician (Deep Elf Wizard)              Turns: 5829, Time: 00:24:26

Health: -1/37      AC:  7    Str:  4    XL:     7   Next: 36%
Magic:  6/20       EV: 14    Int: 23    God:    Sif Muna [......]
Gold:   109        SH:  0    Dex: 15    Spells: 12/21 levels left

rFire    . . .     SeeInvis .   o - +2 quarterstaff (chaos)
rCold    . . .     Gourm    .   (shield currently unavailable)
rNeg     . . .     Faith    .   a - +0 robe
rPois    .         Spirit   .   m - +0 helmet
rElec    .         Reflect  +   p - +2 cloak
rCorr    .         Harm     .   h - +0 pair of gloves
MR       .....                  (no boots)
Stlth    +.........             n - +4 amulet of reflection
HPRegen  0.12/turn              (no ring)
MPRegen  0.17/turn              (no ring)

@: confused, very slightly contaminated
A: no striking features
a: Renounce Religion


You were on level 5 of the Dungeon.
You worshipped Sif Muna.
Sif Muna was noncommittal.
You were not hungry.

You visited 2 branches of the dungeon, and saw 6 of its levels.

You collected 109 gold pieces.

Inventory:

Hand Weapons
 c - a +0 short sword
 o - a +2 quarterstaff of chaos (weapon)
 y - a +2 antimagic quarterstaff
Missiles
 w - 12 poisoned needles
Armour
 a - a +0 robe (worn)
 b - a +0 hat
 h - a +0 pair of gloves (worn)
 m - a +0 helmet (worn)
 p - a +2 cloak (worn)
Jewellery
 n - a +4 amulet of reflection (around neck)
Wands
 l - a wand of polymorph (7)
 x - a wand of flame (22)
Scrolls
 j - 3 scrolls of magic mapping
 k - a scroll of teleportation
 r - a scroll of amnesia
Potions
 e - 2 potions of degeneration {unknown}
 f - a potion of agility {unknown}
 g - 2 potions of brilliance
 i - a potion of invisibility {unknown}
 q - 3 potions of might {unknown}
 s - a potion of resistance {unknown}
 u - 2 potions of lignification {unknown}
Comestibles
 d - 10 rations


   Skills:
 + Level 0.7 Fighting
 + Level 1.8 Short Blades
 + Level 2.3 Staves
 + Level 3.5 Dodging
 + Level 4.2 Stealth
 * Level 7.8 Spellcasting
 + Level 4.1 Conjurations
   Level 1.1 Summonings
 * Level 1.1 Translocations
 + Level 0.1 Air Magic
 + Level 0.6 Poison Magic


You had 12 spell levels left.
You knew the following spells:

 Your Spells              Type           Power        Failure   Level  Hunger
a - Magic Dart            Conj           ####         1%          1    None
b - Blink                 Tloc           N/A          7%          2    None
c - Mephitic Cloud        Conj/Pois/Air  ###.....     11%         3    None
d - Conjure Flame         Conj/Fire      ###.....     9%          3    None

Your spell library contained the following spells:

 Spells                   Type           Power        Failure   Level  Hunger
 Call Imp                 Summ           ##......     7%          2    None
 Slow                     Hex            #.......     11%         2    None


Dungeon Overview and Level Annotations

Branches:
Dungeon (5/15)             Temple (1/1) D:5

Altars:
Cheibriados
Dithmenos
Elyvilon
Gozag
Hepliaklqana
Kikubaaqudgha
Makhleb
Nemelex Xobeh
Qazlal
Ru
Sif Muna
Trog
Uskayaw
Vehumet
Wu Jian
Yredelemnul

Annotations:
D:5 exclusion: centaur


Message History

Press: ? - help, Shift-Dir - straight line You miscast Mephitic Cloud.
You are very lightly contaminated with residual magic.
You are momentarily dazzled by a flash of light!
Something completely misses you.
Casting: Mephitic Cloud (safe; 11% risk of failure)
Confirm with . or Enter, or press ? or * to list all spells.
Aiming: Mephitic Cloud (safe; 11% risk of failure)
Press: ? - help, Shift-Dir - straight line The ball explodes into a vile cloud!
The stinking cloud engulfs something.
The stinking cloud engulfs you!
You are engulfed in noxious fumes.
You choke on the stench!
You are confused.
You hear a shout!
Something bites you but does no damage.
You nearly stumble into some deep water!
You are engulfed in noxious fumes.
* * * LOW HITPOINT WARNING * * *
Something bites you!
You die...

...####### #.##
##.......# #..#
##.......# ##.#
.........# #.#
#...###############
#.#..≈≈≈≈≈≈≈≈≈≈≈≈≈#
#.#..≈#≈≈#≈≈#≈≈#≈≈#
#.##.≈≈≈≈≈≈≈≈≈≈§≈8###
#.#.....))....§{@.'>#
#.#..≈≈≈≈≈≈≈≈≈§≈≈8###
#....≈#≈≈#≈≈#≈≈#≈≈#
##...≈≈≈≈≈≈≈≈≈≈≈≈≈#
##.################
...###.. #....#.#
.....#.# #......#


There were no monsters in sight!

Vanquished Creatures
  A phantom (D:4)
  A centaur (D:3)
  A crimson imp (D:4)
  4 orc priests
  2 orc wizards
  Crazy Yiuf (D:2)
  2 worker ants (D:5)
  Robin (D:1)
  8 adders
  2 oozes
  4 worms
  4 dart slugs
  2 leopard geckos
  14 orcs
  A ball python (D:3)
  3 giant cockroaches
  17 goblins
  14 hobgoblins
  7 jackals
  2 quokkas
  10 bats
  4 frilled lizards
  2 jackal skeletons (D:4)
  A jackal zombie (D:5)
  8 kobolds
  A leopard gecko skeleton (D:4)
  A quokka skeleton (D:4)
  A quokka zombie (D:5)
  7 rats
  A fungus (D:2)
127 creatures vanquished.

Notes
Turn   | Place    | Note
-------+----------+-------------------------------------------
     0 | D:1      | nubinia the Deep Elf Wizard began the quest for the Orb.
     0 | D:1      | Reached XP level 1. HP: 10/10 MP: 7/7
   386 | D:1      | Reached skill level 5 in Spellcasting
   431 | D:1      | Reached XP level 2. HP: 15/15 MP: 8/10
   451 | D:1      | Learned a level 2 spell: Blink
  1280 | D:2      | Reached XP level 3. HP: 11/19 MP: 9/12
  1348 | D:2      | Noticed Robin
  1412 | D:2      | Learned a level 3 spell: Mephitic Cloud
  1416 | D:2      | Learned a level 3 spell: Conjure Flame
  2056 | D:2      | Reached XP level 4. HP: 24/24 MP: 5/13
  2288 | D:1      | Killed Robin
  2288 | D:1      | Reached skill level 6 in Spellcasting
  2936 | D:2      | Found a runed door.
  2940 | D:2      | Noticed Crazy Yiuf
  2953 | D:2      | Killed Crazy Yiuf
  2953 | D:2      | Reached skill level 1 in Short Blades
  2953 | D:2      | Reached XP level 5. HP: 28/28 MP: 0/15
  3711 | D:3      | Found a sacrificial altar of Ru.
  4161 | D:4      | Noticed a phantom
  4184 | D:4      | Killed a phantom
  4184 | D:4      | Reached skill level 1 in Staves
  4184 | D:4      | Reached XP level 6. HP: 25/32 MP: 5/17
  4514 | D:4      | Reached skill level 7 in Spellcasting
  4821 | D:5      | Entered Level 5 of the Dungeon
  4856 | D:4      | Reached XP level 7. HP: 25/37 MP: 15/19
  5683 | D:5      | Found a staircase to the Ecumenical Temple.
  5687 | Temple   | Entered the Ecumenical Temple
  5776 | Temple   | Became a worshipper of Sif Muna the Loreminder
  5829 | D:5      | Slain by an iguana

Vault maps used:
D:1:      minmay_arrival_doors, kennysheep_pointless_box, minmay_small_reverse_x
D:2:      minmay_liquid_box, uniq_robin, uniq_crazy_yiuf_cottage
D:3:      dk_noncrumbling_4, st_stairs_8, hangedman_ru_absence
D:4:      st_stairs_1
D:5:      corexii_shack_village, fedhas_altar_1, temple_hall_moat, first_ration
Temple:   lightli_temple_of_artemis

Skill      XL: |  1  2  3  4  5  6  7 |
---------------+----------------------+-----
Spellcasting   | 5 6 7 |  7.8
Dodging        | 3 |  3.5
Conjurations   | 2 3 4 |  4.1
Short Blades   | 1 |  1.8
Staves         | 1 2 |  2.3
Stealth        | 3 4 |  4.2
Fighting       | |  0.7
Summonings     | |  1.1
Translocations | |  1.1
Air Magic      | |  0.1
Poison Magic   | |  0.6

Action                   |  1- 3 |  4- 6 |  7- 9 || total
-------------------------+-------+-------+-------++-------
Melee: Short sword       |    27 |    36 |       ||    63
       Quarterstaff      |       |    40 |    23 ||    63
 Cast: Magic Dart        |   100 |   180 |    61 ||   341
       Mephitic Cloud    |     1 |     7 |     1 ||     9
  Use: Scroll            |       |     4 |     2 ||     6
 Stab: Sleeping          |     2 |     3 |     2 ||     7
       Confused          |       |     1 |       ||     1
  Eat: Chunk             |     3 |     9 |     3 ||    15
Armor: Robe              |    13 |    16 |     5 ||    34
Dodge: Dodged            |    54 |    39 |    12 ||   105

Table legend:
 A = Non-vault XP
 B = Vault XP
 C = Vault XP percentage of total XP
 D = Non-vault monster count
 E = Vault monster count
 F = Vault count percentage of total count
                 A         B        C        D         E       F
            +---------+---------+-------+---------+---------+-------
      Total |     883 |     105 |  10.6 |      99 |      27 |  21.4
            +---------+---------+-------+---------+---------+-------
        D:1 |      37 |      22 |  37.3 |      18 |       6 |  25.0
        D:2 |      95 |      55 |  36.7 |      22 |       9 |  29.0
        D:3 |     183 |       3 |   1.6 |      27 |       2 |   6.9
        D:4 |     396 |       5 |   1.2 |      21 |       1 |   4.5
        D:5 |     172 |      20 |  10.4 |      11 |       9 |  45.0
            +---------+---------+-------+---------+---------+-------
